3021 views
Uploaded 2019-12-03 21:15:34
Game version 1.32.0.3 / 1.32.0.3.1
23:27 long 4on4 ladder game on (8)Feralas_LV
Saved by BEARAND
3021 views
Uploaded 2019-12-03 21:15:34
Game version 1.32.0.3 / 1.32.0.3.1
23:27 long 4on4 ladder game on (8)Feralas_LV


136 units @ 19.7k
/ 2.8k
91 buildings @ 9.5k
/ 4.2k

| Scroll of Regeneration | 1 | 100 |
| Boots of Speed | 1 | 250 |
| Staff of Teleportation | 1 | 150 |
| total: | 3 | 500g |
| Peasant | 21 | 1575 | / | 0 |
| Priest | 2 | 270 | / | 20 |
| Mortar Team | 8 | 1440 | / | 560 |
| Sorceress | 2 | 310 | / | 40 |
| total: | 33 | 3595g | / | 620w |
| Scout Tower | 28 | 840 | / | 560 |
| Arcane Tower | 1 | 70 | / | 50 |
| Guard Tower | 19 | 1330 | / | 950 |
| Altar of Kings | 1 | 180 | / | 50 |
| Farm | 5 | 400 | / | 100 |
| Lumber Mill | 1 | 120 | / | 0 |
| Arcane Vault | 1 | 130 | / | 30 |
| Town Hall | 1 | 385 | / | 205 |
| Blacksmith | 1 | 140 | / | 60 |
| Arcane Sanctum | 2 | 300 | / | 280 |
| Workshop | 1 | 140 | / | 140 |
| Keep | 2 | 640 | / | 420 |
| Castle | 2 | 720 | / | 420 |
| total: | 41 | 2635g | / | 1425w |
| 0:19 | Peasant |
| 0:19 | Peasant |
| 0:20 | Peasant |
| 0:23 | Altar of Kings |
| 0:51 | Farm |
| 0:55 | Peasant |
| 1:06 | Lumber Mill |
| 1:23 | Farm |
| 1:24 | Peasant |
| 1:26 | Peasant |
| 1:36 | Peasant |
| 1:43 | Peasant |
| 1:49 | Scout Tower |
| 2:08 | Scout Tower |
| 2:15 | Peasant |
| 2:20 | Arcane Tower |
| 2:23 | Scout Tower |
| 2:43 | Blizzard |
| 2:51 | Peasant |
| 2:52 | Peasant |
| 3:07 | Peasant |
| 3:07 | Peasant |
| 3:12 | Peasant |
| 3:15 | Peasant |
| 3:56 | Guard Tower |
| 3:57 | Peasant |
| 3:57 | Peasant |
| 3:59 | Scout Tower |
| 4:00 | Scout Tower |
| 4:00 | Scout Tower |
| 4:00 | Scout Tower |
| 4:01 | Scout Tower |
| 4:27 | Guard Tower |
| 4:33 | Improved Masonry |
| 4:36 | Guard Tower |
| 4:37 | Keep |
| 4:46 | Scout Tower |
| 4:47 | Scout Tower |
| 4:50 | Boots of Speed |
| 4:56 | Staff of Teleportation |
| 5:06 | Guard Tower |
| 5:20 | Guard Tower |
| 5:31 | Arcane Vault |
| 5:58 | Brilliance Aura |
| 6:06 | Scout Tower |
| 6:07 | Scout Tower |
| 6:20 | Guard Tower |
| 6:30 | Town Hall |
| 6:40 | Scroll of Regeneration |
| 6:46 | Guard Tower |
| 6:57 | Scout Tower |
| 6:58 | Scout Tower |
| 6:59 | Scout Tower |
| 7:00 | Scout Tower |
| 7:12 | Blacksmith |
| 7:30 | Arcane Sanctum |
| 7:35 | Farm |
| 7:44 | Arcane Sanctum |
| 8:36 | Black Gunpowder |
| 8:39 | Workshop |
| 8:41 | Farm |
| 8:49 | Peasant |
| 8:51 | Peasant |
| 8:51 | Peasant |
| 8:52 | Peasant |
| 8:59 | Priest |
| 9:01 | Magic Sentry |
| 9:02 | Priest Adept Training |
| 9:19 | Scout Tower |
| 9:19 | Scout Tower |
| 9:20 | Scout Tower |
| 9:21 | Scout Tower |
| 9:23 | Advanced Masonry |
| 9:36 | Farm |
| 9:40 | Improved Lumber Harvesting |
| 9:42 | Flak Cannons |
| 10:44 | Blizzard |
| 10:47 | Castle |
| 10:48 | Guard Tower |
| 10:51 | Mortar Team |
| 10:52 | Guard Tower |
| 10:53 | Guard Tower |
| 10:59 | Priest |
| 11:00 | Sorceress |
| 11:00 | Sorceress |
| 11:25 | Mortar Team |
| 11:26 | Refined Gunpowder |
| 11:45 | Mortar Team |
| 12:37 | Mortar Team |
| 12:37 | Mortar Team |
| 12:59 | Brilliance Aura |
| 13:12 | Mortar Team |
| 13:24 | Guard Tower |
| 13:39 | Scout Tower |
| 13:40 | Scout Tower |
| 13:40 | Scout Tower |
| 13:41 | Scout Tower |
| 13:41 | Scout Tower |
| 13:44 | Scout Tower |
| 13:45 | Scout Tower |
| 13:45 | Scout Tower |
| 13:50 | Imbued Gunpowder |
| 13:52 | Mortar Team |
| 14:19 | Guard Tower |
| 14:26 | Mortar Team |
| 14:46 | Priest Master Training |
| 14:52 | Sorceress Adept Training |
| 14:52 | Sorceress Master Training |
| 15:05 | Guard Tower |
| 15:45 | Guard Tower |
| 16:03 | Guard Tower |
| 17:02 | Fragmentation Shards |
| 17:03 | Flare |
| 19:37 | Blizzard |
| Right click | 1209 |
| Select group | 349 |
| Select | 348 |
| Chat | 277 |
| Build/train/purchase | 104 |
| Use ability | 50 |
| Assign group | 14 |
| Misc. action | 12 |
| Remove unit | 4 |
| Minimap ping | 3 |
| Item give/drop | 1 |


| Rod of Necromancy | 1 | 150 |
| Ritual Dagger | 1 | 125 |
| Scroll of Healing | 4 | 1000 |
| Circlet of Nobility | 1 | 175 |
| Periapt of Vitality | 1 | 325 |
| Boots of Speed | 1 | 250 |
| Scroll of Protection | 1 | 150 |
| total: | 10 | 2175g |
| Acolyte | 7 | 525 | / | 0 |
| Ghoul | 5 | 600 | / | 0 |
| Crypt Fiend | 7 | 1505 | / | 280 |
| Frost Wyrm | 8 | 3080 | / | 960 |
| Forest Troll Shadow Priest | 1 | 195 | / | 10 |
| total: | 28 | 5905g | / | 1250w |
| Nerubian Tower | 3 | 300 | / | 60 |
| Crypt | 1 | 200 | / | 50 |
| Ziggurat | 8 | 1200 | / | 400 |
| Graveyard | 1 | 215 | / | 0 |
| Altar of Darkness | 1 | 180 | / | 50 |
| Tomb of Relics | 1 | 130 | / | 30 |
| Necropolis | 1 | 225 | / | 0 |
| Sacrificial Pit | 1 | 75 | / | 150 |
| Boneyard | 2 | 350 | / | 400 |
| Halls of the Dead | 2 | 640 | / | 420 |
| Black Citadel | 1 | 325 | / | 230 |
| total: | 16 | 2575g | / | 1080w |
| 0:05 | Acolyte |
| 0:12 | Crypt |
| 0:14 | Ziggurat |
| 0:17 | Acolyte |
| 0:27 | Acolyte |
| 0:36 | Graveyard |
| 0:54 | Altar of Darkness |
| 1:14 | Ghoul |
| 1:22 | Ziggurat |
| 1:33 | Ghoul |
| 1:57 | Crypt Fiend |
| 2:17 | Crypt Fiend |
| 2:22 | Breath of Fire |
| 2:54 | Crypt Fiend |
| 2:59 | Ziggurat |
| 3:12 | Creature Attack |
| 3:23 | Tomb of Relics |
| 3:43 | Drunken Haze |
| 3:49 | Crypt Fiend |
| 4:05 | Necropolis |
| 5:06 | Halls of the Dead |
| 5:15 | Breath of Fire |
| 5:30 | Crypt Fiend |
| 5:36 | Acolyte |
| 5:43 | Rod of Necromancy |
| 5:44 | Ritual Dagger |
| 5:59 | Ghoul |
| 6:06 | Acolyte |
| 6:30 | Crypt Fiend |
| 6:34 | Acolyte |
| 6:37 | Acolyte |
| 6:55 | Creature Carapace |
| 6:56 | Crypt Fiend |
| 7:39 | Drunken Haze |
| 7:50 | Black Citadel |
| 7:56 | Acid Bomb |
| 8:01 | Burrow |
| 8:01 | Web |
| 8:46 | Sacrificial Pit |
| 8:49 | Ziggurat |
| 8:49 | Ziggurat |
| 9:37 | Circlet of Nobility |
| 9:42 | Periapt of Vitality |
| 9:44 | Boots of Speed |
| 10:22 | Boneyard |
| 10:22 | Boneyard |
| 10:25 | Nerubian Tower |
| 10:37 | Scroll of Healing |
| 10:37 | Scroll of Healing |
| 10:46 | Scroll of Protection |
| 11:23 | Healing Spray |
| 11:45 | Frost Wyrm |
| 11:47 | Improved Creature Attack |
| 11:49 | Ghoul |
| 11:49 | Ghoul |
| 12:27 | Drunken Haze |
| 12:41 | Acid Bomb |
| 12:54 | Freezing Breath |
| 13:07 | Ziggurat |
| 13:08 | Ziggurat |
| 13:49 | Frost Wyrm |
| 14:04 | Forest Troll Shadow Priest |
| 14:11 | Healing Spray |
| 14:31 | Frost Wyrm |
| 14:36 | Ziggurat |
| 15:50 | Storm Earth and Fire |
| 16:28 | Scroll of Healing |
| 16:28 | Scroll of Healing |
| 16:32 | Acid Bomb |
| 16:53 | Frost Wyrm |
| 16:55 | Advanced Creature Attack |
| 17:52 | Transmute |
| 18:18 | Breath of Fire |
| 18:27 | Frost Wyrm |
| 19:48 | Frost Wyrm |
| 19:48 | Frost Wyrm |
| 20:47 | Frost Wyrm |
| 21:04 | Improved Creature Carapace |
| 21:06 | Nerubian Tower |
| 21:08 | Nerubian Tower |
| 21:09 | Halls of the Dead |
| Right click | 874 |
| Select group | 389 |
| Select | 244 |
| Build/train/purchase | 91 |
| Use ability | 64 |
| Assign group | 52 |
| Chat | 45 |
| Misc. action | 39 |
| Item give/drop | 5 |



| Scroll of Regeneration | 2 | 200 |
| Lesser Clarity Potion | 1 | 70 |
| total: | 3 | 270g |
| Peasant | 7 | 525 | / | 0 |
| Footman | 4 | 540 | / | 0 |
| Rifleman | 14 | 2870 | / | 420 |
| Priest | 7 | 945 | / | 70 |
| Sorceress | 2 | 310 | / | 40 |
| Flying Machine | 4 | 400 | / | 120 |
| total: | 38 | 5590g | / | 650w |
| Altar of Kings | 1 | 180 | / | 50 |
| Farm | 13 | 1040 | / | 260 |
| Barracks | 2 | 320 | / | 120 |
| Lumber Mill | 1 | 120 | / | 0 |
| Blacksmith | 1 | 140 | / | 60 |
| Arcane Vault | 1 | 130 | / | 30 |
| Arcane Sanctum | 2 | 300 | / | 280 |
| Workshop | 1 | 140 | / | 140 |
| Keep | 1 | 320 | / | 210 |
| Castle | 1 | 360 | / | 210 |
| total: | 22 | 2370g | / | 940w |
| 0:03 | Altar of Kings |
| 0:05 | Peasant |
| 0:12 | Peasant |
| 0:21 | Farm |
| 0:26 | Peasant |
| 0:37 | Barracks |
| 0:40 | Barracks |
| 0:44 | Peasant |
| 1:03 | Peasant |
| 1:16 | Farm |
| 1:20 | Peasant |
| 1:29 | Peasant |
| 1:42 | Footman |
| 1:48 | Farm |
| 1:56 | Footman |
| 2:08 | Summon Water Elemental |
| 2:36 | Footman |
| 2:58 | Footman |
| 3:30 | Keep |
| 3:35 | Lumber Mill |
| 3:44 | Brilliance Aura |
| 3:53 | Blacksmith |
| 3:57 | Arcane Vault |
| 4:51 | Farm |
| 4:57 | Farm |
| 5:06 | Scroll of Regeneration |
| 5:07 | Lesser Clarity Potion |
| 5:12 | Scroll of Regeneration |
| 5:16 | Rifleman |
| 5:44 | Rifleman |
| 6:03 | Arcane Sanctum |
| 6:20 | Rifleman |
| 6:54 | Summon Water Elemental |
| 7:04 | Rifleman |
| 7:06 | Long Rifles |
| 7:08 | Rifleman |
| 7:12 | Storm Bolt |
| 7:27 | Priest |
| 7:27 | Priest |
| 7:30 | Rifleman |
| 7:57 | Rifleman |
| 8:01 | Farm |
| 8:04 | Farm |
| 8:04 | Farm |
| 8:24 | Thunder Clap |
| 8:44 | Black Gunpowder |
| 8:46 | Rifleman |
| 8:48 | Priest Adept Training |
| 9:55 | Priest |
| 9:57 | Castle |
| 9:59 | Refined Gunpowder |
| 10:20 | Rifleman |
| 10:22 | Priest |
| 11:08 | Priest |
| 11:09 | Sorceress Adept Training |
| 11:13 | Arcane Sanctum |
| 11:34 | Iron Plating |
| 12:03 | Thunder Clap |
| 12:22 | Brilliance Aura |
| 12:33 | Rifleman |
| 12:34 | Priest Master Training |
| 12:35 | Priest |
| 13:00 | Rifleman |
| 13:04 | Farm |
| 13:04 | Farm |
| 14:32 | Storm Bolt |
| 14:36 | Rifleman |
| 14:40 | Sorceress |
| 14:40 | Sorceress |
| 15:47 | Sorceress Master Training |
| 15:48 | Priest |
| 16:03 | Improved Lumber Harvesting |
| 16:04 | Improved Masonry |
| 16:39 | Summon Water Elemental |
| 16:44 | Animal War Training |
| 16:47 | Rifleman |
| 16:47 | Rifleman |
| 17:14 | Holy Light |
| 17:18 | Farm |
| 17:18 | Farm |
| 17:19 | Farm |
| 17:21 | Advanced Lumber Harvesting |
| 17:31 | Imbued Gunpowder |
| 21:33 | Workshop |
| 21:50 | Flying Machine |
| 21:53 | Flying Machine |
| 21:53 | Flying Machine |
| 21:53 | Flying Machine |
| Right click | 572 |
| Select group | 361 |
| Select | 194 |
| Build/train/purchase | 109 |
| Misc. action | 76 |
| Chat | 43 |
| Assign group | 36 |
| Use ability | 10 |
| Esc | 5 |
| Remove unit | 2 |
| Minimap ping | 1 |

| Acolyte | 7 | 525 | / | 0 |
| Ghoul | 17 | 2040 | / | 0 |
| Necromancer | 11 | 1595 | / | 220 |
| Meat Wagon | 1 | 230 | / | 50 |
| Obsidian Statue | 1 | 200 | / | 35 |
| total: | 37 | 4590g | / | 305w |
| Nerubian Tower | 4 | 400 | / | 80 |
| Ziggurat | 6 | 900 | / | 300 |
| Altar of Darkness | 1 | 180 | / | 50 |
| Graveyard | 1 | 215 | / | 0 |
| Crypt | 1 | 200 | / | 50 |
| Tomb of Relics | 1 | 130 | / | 30 |
| Temple of the Damned | 1 | 155 | / | 140 |
| Slaughterhouse | 1 | 140 | / | 135 |
| Halls of the Dead | 1 | 320 | / | 210 |
| Black Citadel | 1 | 325 | / | 230 |
| total: | 12 | 1920g | / | 705w |
| 0:06 | Ziggurat |
| 0:09 | Altar of Darkness |
| 0:12 | Acolyte |
| 0:16 | Acolyte |
| 0:57 | Graveyard |
| 1:21 | Crypt |
| 2:01 | Ziggurat |
| 2:02 | Ziggurat |
| 2:27 | Ghoul |
| 2:27 | Ghoul |
| 2:28 | Ghoul |
| 2:56 | Ghoul |
| 3:04 | Unholy Armor |
| 3:11 | Ghoul |
| 3:12 | Ghoul |
| 3:25 | Vampiric Aura |
| 3:42 | Halls of the Dead |
| 4:14 | Ghoul |
| 4:15 | Ghoul |
| 4:49 | Cannibalize |
| 4:54 | Nerubian Tower |
| 4:55 | Nerubian Tower |
| 5:43 | Unholy Strength |
| 6:24 | Acolyte |
| 6:24 | Acolyte |
| 6:24 | Acolyte |
| 6:24 | Acolyte |
| 6:30 | Sleep |
| 6:59 | Temple of the Damned |
| 8:35 | Ziggurat |
| 8:48 | Ghoul |
| 8:58 | Skeletal Mastery |
| 9:06 | Ziggurat |
| 9:07 | Ziggurat |
| 9:48 | Acolyte |
| 10:13 | Nerubian Tower |
| 10:16 | Necromancer |
| 10:16 | Necromancer |
| 10:16 | Necromancer |
| 10:17 | Necromancer |
| 10:17 | Necromancer |
| 10:18 | Necromancer |
| 10:28 | Black Citadel |
| 11:07 | Slaughterhouse |
| 12:22 | Necromancer Adept Training |
| 13:02 | Vampiric Aura |
| 13:18 | Necromancer Master Training |
| 13:20 | Necromancer |
| 13:32 | Tomb of Relics |
| 14:00 | Ghoul |
| 14:00 | Ghoul |
| 14:02 | Ghoul |
| 14:03 | Ghoul Frenzy |
| 14:10 | Ghoul |
| 14:10 | Ghoul |
| 14:10 | Ghoul |
| 14:29 | Carrion Swarm |
| 14:59 | Nerubian Tower |
| 15:01 | Improved Unholy Strength |
| 15:01 | Improved Unholy Armor |
| 16:03 | Vampiric Aura |
| 16:56 | Inferno |
| 17:25 | Sleep |
| 18:11 | Advanced Unholy Strength |
| 18:12 | Advanced Unholy Armor |
| 18:15 | Necromancer |
| 18:17 | Meat Wagon |
| 18:17 | Exhume Corpses |
| 18:23 | Ghoul |
| 18:23 | Ghoul |
| 18:54 | Necromancer |
| 18:55 | Necromancer |
| 18:55 | Necromancer |
| 19:44 | Obsidian Statue |
| Right click | 527 |
| Select | 381 |
| Select group | 98 |
| Build/train/purchase | 90 |
| Chat | 83 |
| Misc. action | 64 |
| Resource trade | 24 |
| Assign group | 8 |
| Use ability | 8 |
| Remove unit | 4 |
| Esc | 1 |
142 units @ 21.9k
/ 2.8k
83 buildings @ 12.6k
/ 5.2k

| Peon | 24 | 1800 | / | 0 |
| Wind Rider | 9 | 2385 | / | 360 |
| total: | 33 | 4185g | / | 360w |
| Watch Tower | 6 | 660 | / | 480 |
| Orc Burrow | 12 | 1920 | / | 480 |
| Altar of Storms | 1 | 180 | / | 50 |
| War Mill | 1 | 205 | / | 0 |
| Great Hall | 2 | 770 | / | 370 |
| Beastiary | 2 | 290 | / | 280 |
| Stronghold | 1 | 315 | / | 190 |
| Fortress | 1 | 325 | / | 190 |
| total: | 24 | 4025g | / | 1660w |
| 0:05 | Peon |
| 0:05 | Peon |
| 0:06 | Peon |
| 0:06 | Peon |
| 0:20 | Peon |
| 0:34 | Orc Burrow |
| 0:38 | Orc Burrow |
| 0:42 | Peon |
| 0:42 | Peon |
| 0:42 | Peon |
| 1:00 | Altar of Storms |
| 1:05 | Peon |
| 1:05 | Peon |
| 1:27 | War Mill |
| 1:43 | Orc Burrow |
| 1:51 | Peon |
| 1:56 | Peon |
| 2:41 | Watch Tower |
| 2:46 | Watch Tower |
| 3:05 | Peon |
| 3:05 | Peon |
| 3:15 | Healing Wave |
| 3:41 | Peon |
| 3:41 | Peon |
| 3:42 | Peon |
| 3:42 | Peon |
| 3:42 | Peon |
| 3:42 | Peon |
| 3:52 | Orc Burrow |
| 4:00 | Watch Tower |
| 4:14 | Stronghold |
| 4:49 | Watch Tower |
| 5:06 | Orc Burrow |
| 6:00 | Watch Tower |
| 6:11 | Great Hall |
| 6:17 | Spiked Barricades |
| 6:17 | Steel Ranged Weapons |
| 6:17 | Steel Armor |
| 6:36 | Orc Burrow |
| 6:45 | Beastiary |
| 6:52 | Beastiary |
| 6:58 | Fortress |
| 7:33 | Improved Spiked Barricades |
| 7:33 | Reinforced Defenses |
| 8:03 | Watch Tower |
| 9:12 | Great Hall |
| 9:19 | Orc Burrow |
| 9:23 | Envenomed Spears |
| 9:29 | Wind Rider |
| 9:29 | Wind Rider |
| 9:29 | Wind Rider |
| 9:54 | Wind Rider |
| 10:24 | Wind Rider |
| 10:24 | Wind Rider |
| 11:03 | Wind Rider |
| 12:03 | Peon |
| 12:03 | Peon |
| 12:03 | Peon |
| 12:04 | Peon |
| 12:25 | Serpent Ward |
| 13:04 | Wind Rider |
| 13:14 | Orc Burrow |
| 13:58 | Orc Burrow |
| 13:59 | Orc Burrow |
| 14:00 | Orc Burrow |
| 14:00 | Orc Burrow |
| 15:21 | Wind Rider |
| Right click | 560 |
| Select | 207 |
| Chat | 56 |
| Build/train/purchase | 46 |
| Resource trade | 26 |
| Use ability | 17 |
| Remove unit | 6 |

| Peasant | 7 | 525 | / | 0 |
| Footman | 2 | 270 | / | 0 |
| Rifleman | 18 | 3690 | / | 540 |
| Priest | 8 | 1080 | / | 80 |
| Knight | 2 | 490 | / | 120 |
| total: | 37 | 6055g | / | 740w |
| Scout Tower | 4 | 120 | / | 80 |
| Arcane Tower | 4 | 280 | / | 200 |
| Altar of Kings | 1 | 180 | / | 50 |
| Farm | 11 | 880 | / | 220 |
| Barracks | 3 | 480 | / | 180 |
| Blacksmith | 1 | 140 | / | 60 |
| Lumber Mill | 1 | 120 | / | 0 |
| Town Hall | 1 | 385 | / | 205 |
| Arcane Sanctum | 1 | 150 | / | 140 |
| Keep | 1 | 320 | / | 210 |
| Castle | 1 | 360 | / | 210 |
| total: | 23 | 2455g | / | 935w |
| 0:08 | Altar of Kings |
| 0:09 | Peasant |
| 0:09 | Peasant |
| 0:33 | Farm |
| 0:44 | Barracks |
| 0:52 | Peasant |
| 0:58 | Peasant |
| 0:59 | Peasant |
| 1:38 | Farm |
| 1:47 | Footman |
| 1:48 | Footman |
| 1:57 | Peasant |
| 1:57 | Peasant |
| 2:27 | Summon Water Elemental |
| 2:46 | Blacksmith |
| 3:23 | Keep |
| 4:01 | Rifleman |
| 4:02 | Rifleman |
| 4:05 | Black Gunpowder |
| 4:06 | Studded Leather Armor |
| 4:18 | Farm |
| 4:23 | Farm |
| 4:51 | Scout Tower |
| 4:59 | Scout Tower |
| 5:16 | Rifleman |
| 5:27 | Lumber Mill |
| 5:30 | Arcane Tower |
| 5:32 | Arcane Tower |
| 5:38 | Scout Tower |
| 5:42 | Scout Tower |
| 6:17 | Farm |
| 6:19 | Farm |
| 6:22 | Rifleman |
| 6:22 | Rifleman |
| 6:58 | Improved Lumber Harvesting |
| 7:01 | Rifleman |
| 7:08 | Barracks |
| 7:24 | Arcane Sanctum |
| 7:45 | Blizzard |
| 8:06 | Rifleman |
| 8:26 | Long Rifles |
| 8:28 | Rifleman |
| 8:53 | Priest |
| 8:53 | Priest |
| 8:55 | Priest |
| 10:54 | Arcane Tower |
| 10:56 | Arcane Tower |
| 10:57 | Rifleman |
| 10:58 | Rifleman |
| 11:02 | Castle |
| 11:05 | Priest Adept Training |
| 11:32 | Rifleman |
| 11:34 | Rifleman |
| 11:40 | Priest |
| 12:18 | Rifleman |
| 12:58 | Rifleman |
| 13:05 | Farm |
| 13:09 | Farm |
| 13:17 | Farm |
| 13:23 | Farm |
| 13:33 | Priest Master Training |
| 13:45 | Farm |
| 14:08 | Priest |
| 14:09 | Priest |
| 14:11 | Rifleman |
| 14:12 | Rifleman |
| 14:24 | Knight |
| 14:29 | Knight |
| 14:49 | Iron Forged Swords |
| 14:53 | Refined Gunpowder |
| 15:07 | Iron Plating |
| 15:17 | Reinforced Leather Armor |
| 16:00 | Summon Water Elemental |
| 16:44 | Brilliance Aura |
| 16:49 | Brilliance Aura |
| 18:08 | Rifleman |
| 18:09 | Priest |
| 18:11 | Rifleman |
| 18:33 | Town Hall |
| 18:44 | Priest |
| 20:07 | Barracks |
| Right click | 511 |
| Select | 355 |
| Build/train/purchase | 82 |
| Use ability | 7 |
| Remove unit | 3 |
| Minimap ping | 1 |


| Potion of Healing | 3 | 450 |
| Orb of Corruption | 1 | 375 |
| Potion of Mana | 1 | 200 |
| total: | 5 | 1025g |
| Acolyte | 4 | 300 | / | 0 |
| Ghoul | 6 | 720 | / | 0 |
| Necromancer | 15 | 2175 | / | 300 |
| Meat Wagon | 4 | 920 | / | 200 |
| Abomination | 6 | 1440 | / | 420 |
| Crypt Fiend | 1 | 215 | / | 40 |
| total: | 36 | 5770g | / | 960w |
| Nerubian Tower | 1 | 100 | / | 20 |
| Spirit Tower | 3 | 435 | / | 120 |
| Crypt | 1 | 200 | / | 50 |
| Graveyard | 1 | 215 | / | 0 |
| Ziggurat | 6 | 900 | / | 300 |
| Altar of Darkness | 1 | 180 | / | 50 |
| Tomb of Relics | 1 | 130 | / | 30 |
| Temple of the Damned | 1 | 155 | / | 140 |
| Slaughterhouse | 1 | 140 | / | 135 |
| Sacrificial Pit | 1 | 75 | / | 150 |
| Halls of the Dead | 1 | 320 | / | 210 |
| Black Citadel | 1 | 325 | / | 230 |
| total: | 13 | 1995g | / | 855w |
| 0:06 | Acolyte |
| 0:10 | Crypt |
| 0:22 | Graveyard |
| 0:40 | Acolyte |
| 0:49 | Ziggurat |
| 1:09 | Altar of Darkness |
| 1:18 | Ghoul |
| 1:36 | Ghoul |
| 1:49 | Tomb of Relics |
| 2:00 | Ghoul |
| 2:33 | Ziggurat |
| 3:07 | Halls of the Dead |
| 3:10 | Ghoul |
| 3:29 | Ghoul |
| 3:42 | Death Coil |
| 4:37 | Nerubian Tower |
| 4:38 | Spirit Tower |
| 4:43 | Ghoul |
| 4:48 | Ziggurat |
| 5:28 | Unholy Aura |
| 5:44 | Black Citadel |
| 6:00 | Temple of the Damned |
| 6:32 | Slaughterhouse |
| 7:04 | Ziggurat |
| 7:09 | Necromancer |
| 7:36 | Necromancer |
| 7:38 | Meat Wagon |
| 7:44 | Vampiric Aura |
| 8:04 | Sacrificial Pit |
| 8:07 | Acolyte |
| 8:16 | Necromancer |
| 8:19 | Meat Wagon |
| 8:29 | Exhume Corpses |
| 8:48 | Necromancer |
| 9:03 | Acolyte |
| 9:09 | Necromancer |
| 9:17 | Necromancer Adept Training |
| 10:07 | Necromancer |
| 10:28 | Ziggurat |
| 11:09 | Ziggurat |
| 11:22 | Unholy Strength |
| 11:23 | Unholy Armor |
| 13:03 | Meat Wagon |
| 13:03 | Meat Wagon |
| 13:05 | Necromancer |
| 13:05 | Necromancer |
| 13:05 | Necromancer |
| 13:09 | Improved Unholy Strength |
| 13:34 | Spirit Tower |
| 13:35 | Spirit Tower |
| 14:33 | Necromancer |
| 14:33 | Necromancer |
| 14:37 | Abomination |
| 14:37 | Abomination |
| 14:47 | Potion of Healing |
| 15:18 | Abomination |
| 15:23 | Necromancer |
| 15:49 | Necromancer |
| 16:09 | Abomination |
| 16:38 | Necromancer |
| 16:40 | Abomination |
| 16:44 | Crypt Fiend |
| 16:49 | Orb of Corruption |
| 17:16 | Necromancer Master Training |
| 17:16 | Necromancer |
| 17:18 | Abomination |
| 17:49 | Carrion Swarm |
| 18:23 | Potion of Healing |
| 18:23 | Potion of Mana |
| 18:31 | Potion of Healing |
| Select | 288 |
| Right click | 261 |
| Build/train/purchase | 69 |
| Use ability | 8 |
| Misc. action | 5 |
| Remove unit | 2 |

| Peon | 18 | 1350 | / | 0 |
| Wind Rider | 13 | 3445 | / | 520 |
| Raider | 3 | 540 | / | 120 |
| Kodo Beast | 2 | 510 | / | 120 |
| total: | 36 | 5845g | / | 760w |
| Watch Tower | 7 | 770 | / | 560 |
| Altar of Storms | 1 | 180 | / | 50 |
| Orc Burrow | 8 | 1280 | / | 320 |
| War Mill | 2 | 410 | / | 0 |
| Great Hall | 3 | 1155 | / | 555 |
| Beastiary | 2 | 290 | / | 280 |
| Stronghold | 1 | 315 | / | 190 |
| Fortress | 1 | 325 | / | 190 |
| total: | 23 | 4085g | / | 1765w |
| 0:12 | Altar of Storms |
| 0:14 | Peon |
| 0:14 | Peon |
| 0:14 | Peon |
| 0:14 | Peon |
| 0:15 | Peon |
| 0:15 | Peon |
| 0:15 | Peon |
| 0:38 | Orc Burrow |
| 0:50 | Peon |
| 1:44 | War Mill |
| 1:53 | Orc Burrow |
| 2:46 | Stronghold |
| 2:52 | Orc Burrow |
| 3:02 | Watch Tower |
| 3:04 | Feral Spirit |
| 4:05 | Steel Melee Weapons |
| 4:06 | Steel Armor |
| 4:12 | Steel Ranged Weapons |
| 4:13 | Thorium Armor |
| 4:44 | Watch Tower |
| 4:50 | Spiked Barricades |
| 5:08 | Peon |
| 5:08 | Peon |
| 5:08 | Peon |
| 5:08 | Peon |
| 6:06 | Beastiary |
| 6:39 | Orc Burrow |
| 7:00 | Great Hall |
| 7:41 | Wind Rider |
| 7:41 | Wind Rider |
| 7:41 | Wind Rider |
| 7:42 | Wind Rider |
| 7:49 | Watch Tower |
| 8:07 | Watch Tower |
| 8:50 | Peon |
| 9:08 | Watch Tower |
| 9:17 | Fortress |
| 9:37 | Watch Tower |
| 10:05 | Chain Lighting |
| 10:52 | Watch Tower |
| 10:53 | Peon |
| 10:54 | Peon |
| 10:54 | Peon |
| 10:55 | Peon |
| 11:00 | Wind Rider |
| 11:00 | Wind Rider |
| 11:01 | Wind Rider |
| 11:01 | Wind Rider |
| 11:04 | Wind Rider |
| 11:09 | Orc Burrow |
| 11:49 | Thorium Ranged Weapons |
| 11:57 | Orc Burrow |
| 13:36 | Arcanite Ranged Weapons |
| 13:38 | Envenomed Spears |
| 13:39 | Wind Rider |
| 13:39 | Wind Rider |
| 14:07 | Ensnare |
| 14:09 | Wind Rider |
| 14:10 | Wind Rider |
| 15:13 | Raider |
| 15:13 | Raider |
| 15:13 | Raider |
| 15:58 | Beastiary |
| 16:07 | Peon |
| 16:43 | Kodo Beast |
| 16:44 | Kodo Beast |
| 20:21 | Orc Burrow |
| 21:24 | Great Hall |
| 21:42 | Great Hall |
| 21:49 | War Mill |
| 21:56 | Orc Burrow |
| Right click | 351 |
| Select | 164 |
| Build/train/purchase | 61 |
| Chat | 19 |
| Remove unit | 8 |
| Use ability | 5 |